 Dungeon Crawl Stone Soup version 0.29-a0-284-gf9362112df (webtiles) character file.

Game seed: 10384506996567448974

11106 freelancePsychic the Basher (level 12, -2/87 (97) HPs)
             Began as a Formicid Wanderer on Mar 18, 2022.
             Was a High Priest of Makhleb.
             Killed from afar by a molten gargoyle (7 damage)
             ... with a bolt of magma
             ... in a volcano.
             The game lasted 00:29:12 (13888 turns).

freelancePsychic the Basher (Formicid Wanderer)    Turns: 13888, Time: 00:29:13

HP:   -2/87 (97)    AC: 19    Str: 22    XL:     12   Next: 3%
MP:   19/19         EV:  6    Int: 11    God:    Makhleb [*****.]
Gold: 621           SH:  4    Dex: 11    Spells: 11/11 levels left

rFire   + . .      SeeInvis +   E - +5 flail (vorpal)
rCold   x . .      Faith    .   c - +0 buckler
rNeg    . . .      Spirit   .   r - +0 plate armour
rPois   .          Reflect  .   (helmet unavailable)
rElec   .          Harm     .   z - +2 cloak
rCorr   .          Rampage  .   d - +0 pair of gloves
Will    +....                   v - +2 pair of boots
Stlth   ..........              (no amulet)
HPRegen 0.24/turn               b - ring of fire
MPRegen 0.16/turn               J - +4 ring of slaying

@: heavily drained
A: permanent stasis, dig shafts and tunnels, antennae 3, four strong arms
a: Dig, Renounce Religion, Minor Destruction, Lesser Servant of Makhleb, Major
Destruction, Greater Servant of Makhleb


You were in a volcano.
You worshipped Makhleb.
Makhleb was extremely pleased with you.
You visited 2 branches of the dungeon, and saw 11 of its levels.
You also visited: Bailey and Volcano.

You collected 621 gold pieces.

Inventory:

Hand Weapons
 n - a +0 morningstar
 E - a +5 vorpal flail (weapon)
Missiles
 j - 16 poisoned darts
 p - a throwing net
Armour
 c - a +0 buckler (worn)
 d - a +0 pair of gloves (worn)
 e - a +0 leather armour
 r - a +0 plate armour (worn)
 v - a +2 pair of boots (worn)
 z - a +2 cloak (worn)
Jewellery
 b - a ring of fire (left hand)
 f - a ring of wizardry
 k - a +6 ring of dexterity
 J - a +4 ring of slaying (right hand)
 N - a ring of flight
Wands
 s - a wand of flame (12)
 x - a wand of digging (9)
 H - a wand of acid (3)
Scrolls
 a - 4 scrolls of teleportation {@r4}
 t - 3 scrolls of enchant weapon
 u - 2 scrolls of amnesia
 y - a scroll of torment
 B - a scroll of vulnerability
 C - 3 scrolls of fog
 F - a scroll of enchant armour
 L - a scroll of holy word
 M - a scroll of immolation {unknown}
Potions
 g - 2 potions of mutation {unknown}
 h - 4 potions of curing {@q1}
 i - a potion of lignification {unknown}
 l - a potion of experience {unknown}
 m - 2 potions of might {unknown}
 o - a potion of flight {unknown}
 q - a potion of brilliance
 w - a potion of attraction {unknown}
 A - a potion of haste {unknown}
 D - a potion of magic {unknown}
 K - a potion of degeneration {unknown}
Miscellaneous
 G - a lightning rod (3/4)


   Skills:
 + Level 9.8 Fighting
 * Level 11.5(11.8) Maces & Flails
 - Level 3.7(8.3) Staves
 - Level 3.2 Slings
 - Level 4.6 Armour
 - Level 1.2 Stealth
 - Level 3.4 Shields
 + Level 10.2 Invocations
 - Level 5.4 Evocations


You had 11 spell levels left.
You didn't know any spells.
Your spell library contained the following spells:

 Spells                   Type           Power      Damage    Failure   Level
 Animate Skeleton         Necr           0%         N/A       100%        1
 Apportation              Tloc           0%         N/A       100%        1
 Pain                     Necr           0%         1d4       100%        1
 Summon Small Mammal      Summ           0%         N/A       100%        1
 Corpse Rot               Necr/Air       0%         N/A       100%        2
 Poisonous Vapours        Pois/Air       0%         N/A       100%        2
 Conjure Flame            Conj/Fire      0%         6-21      100%        3
 Ignite Poison            Fire/Tmut/Pois 0%         N/A       100%        3
 Vampiric Draining        Necr           0%         2d6       100%        3
 Sticky Flame             Conj/Fire      0%         2d3       100%        4


Dungeon Overview and Level Annotations

Branches:
Dungeon (10/15)            Temple (0/1) D:6             Orc (1/2) D:9
 Bailey (visited)         Volcano (1/1)
   Lair: D:8-11

Altars:
Elyvilon
Gozag
Hepliaklqana
Makhleb
Okawaru
Qazlal
Sif Muna
Uskayaw
Vehumet
Wu Jian
Xom
The Shining One

Shops:
D:7 !   D:9 (

Annotations:
D:3 Sigmund
D:9 exclusion: downstairs


Innate Abilities, Weirdness & Mutations

You cannot be hasted, slowed, berserked, paralysed or teleported.
You can dig through walls and to a lower floor.
You have a pair of large antennae on your head. (SInv)
Your four strong arms can wield two-handed weapons with a shield.


Message History

Press: ? - help, Shift-Dir - straight line, f/p - hell knight
Aim: a hell knight, wielding a +3 broad axe of draining and wearing a +0 plate armour (severely wounded, fast, covered in acid, ally target, 84% to hit)
The bolt of acid misses the hell knight.
The hell knight hits you with a +3 broad axe of draining.
You feel drained. The molten gargoyle closely misses you.
A molten gargoyle comes into view. It is wielding a +0 flail.
Your hellwing hits the molten gargoyle!
Your hellwing barely misses the molten gargoyle.
Unknown command.
Unknown command.
Unknown command.
Aiming: Corrosive Bolt
Press: ? - help, Shift-Dir - straight line, f/p - hell knight
Aim: a hell knight, wielding a +3 broad axe of draining and wearing a +0 plate armour (severely wounded, fast, covered in acid, ally target, 84% to hit)
The bolt of acid hits the hell knight!
The hell knight seems to be corroded for longer.
The hell knight is almost dead.
The hell knight hits you with a +3 broad axe of draining!
* * * LOW HITPOINT WARNING * * *
You feel drained.
* * * LOW HITPOINT WARNING * * *
The efreet hits you with a +2 scimitar of flaming!
* * * LOW HITPOINT WARNING * * *
The efreet burns you.
* * * LOW HITPOINT WARNING * * *
The molten gargoyle hits you but does no damage.
Your hellwing barely misses the molten gargoyle.
Your hellwing hits the molten gargoyle but does no damage.
You block the hell knight's attack.
Aiming: Corrosive Bolt
Press: ? - help, Shift-Dir - straight line, f/p - hell knight
Aim: a hell knight, wielding a +3 broad axe of draining and wearing a +0 plate armour (almost dead, fast, covered in acid, ally target, 84% to hit)
The bolt of acid misses the hell knight.
The hell knight gestures at you while chanting.
The bolt of fire hits you. You resist.
* * * LOW HITPOINT WARNING * * *
The efreet hits you but does no damage.
The molten gargoyle blasts magma at you!
The bolt of magma hits you! You partially resist.
You die...

#..# #..# ########..#
#.8..8##..#### ≈
8.....')8...8# { ≈≈
......((.....# {≈
∩.∩..)#..⌠...# #####≈###
......'......####.4≈≈≈≈≈#
8.....'.8...8#..@9#§4≈≈≈≈≈
#.8..8##..####..Rp.≈≈≈≈≈≈≈
########..# #.)#○.#≈≈≈≈≈≈
#..####..##..#≈≈§≈≈
#..##.'..# #..≈{≈§≈
#..####..# #.#≈§≈#
#..####..# ..##≈#
#..##.'..# .... #..####..#
...


You could see a hell knight (fast, corroded, ally target), an efreet, a molten
gargoyle and a friendly hellwing (summoned).

Vanquished Creatures
  2 cyclopes (Volcano)
  4 salamanders (Volcano)
  A gargoyle (Volcano)
  An efreet (Volcano)
  A freezing wraith (D:9)
  A troll (D:9)
  3 shadows (D:9)
  A wraith (D:8)
  A yak (D:9)
  Grum (D:9)
  A steam dragon (D:7)
  Edmund (D:6)
  A two-headed ogre zombie (D:9)
  A water moccasin (D:8)
  An acid dragon (D:9)
  2 black bears
  An ice beast (D:6)
  12 orc warriors
  3 wolves (D:9)
  An ogre (D:6)
  2 phantoms
  10 centaurs
  A kobold brigand (D:9)
  2 bullfrogs
  A gnoll sergeant (D:9)
  3 scorpions
  16 wights
  2 troll zombies (D:9)
  5 killer bees (D:8)
  3 howler monkeys
  A vampire bat (D:5)
  2 gnoll shamans
  A jelly (D:7)
  4 hounds
  5 orc priests
  3 iguanas (D:6)
  5 orc wizards
  5 ogre zombies (D:9)
  Robin (D:3)
  11 adders
  29 gnolls
  A shadow imp (D:8)
  A white imp (D:7)
  3 ufetubi
  A worm (D:4)
  3 dart slugs
  3 fire bats (D:5)
  45 orcs
  2 spectral bats (D:5)
  6 ball pythons
  12 bats
  3 bat skeletons (D:5)
  A bat zombie (D:5)
  8 endoplasms
  16 goblins
  4 hobgoblins
  2 jackals (D:4)
  11 kobolds
  3 quokkas
  A bat simulacrum (D:5)
  2 frilled lizards
  3 goblin skeletons (D:8)
  4 goblin zombies
  A hobgoblin skeleton (D:9)
  3 hobgoblin zombies (D:8)
  A kobold skeleton (D:8)
  5 orc skeletons
  18 orc zombies
  5 rats
  A spectral hobgoblin (D:1)
321 creatures vanquished.

Vanquished Creatures (collateral kills)
  A cyclops (Volcano)
  3 orc warriors (Bailey)
  A centaur (Bailey)
  An orc (Bailey)
6 creatures vanquished.

Vanquished Creatures (others)
  5 fungi (D:6)
5 creatures vanquished.

Grand Total: 332 creatures vanquished

Notes
Turn   | Place    | Note
-------+----------+-------------------------------------------
     0 | D:1      | freelancePsychic the Formicid Wanderer began the quest for
                  | the Orb.
     0 | D:1      | freelancePsychic set off with the following items: a +0
                  | hunting sling, a wand of acid (3), a +0 buckler, a scroll
                  | of fear, a +0 leather armour
     0 | D:1      | Reached XP level 1. HP: 15/15 MP: 1/1
    86 | D:1      | Reached XP level 2. HP: 7/21 MP: 2/2
   415 | D:1      | Found a faded altar of an unknown god.
   593 | D:1      | Reached XP level 3. HP: 16/27 MP: 3/3
  1610 | D:2      | Reached XP level 4. HP: 18/33 MP: 4/4
  2068 | D:3      | Identified the +4 quarterstaff of True Grit {flame, SInv}
  2109 | D:3      | Noticed Robin
  2121 | D:3      | Reached XP level 5. HP: 31/39 MP: 5/5
  2140 | D:3      | Killed Robin
  2141 | D:3      | Reached skill level 1 in Staves
  2300 | D:3      | Found a burning altar of Makhleb.
  2301 | D:3      | Noticed a cacodemon
  2307 | D:3      | Noticed a hellwing
  2307 | D:3      | Noticed an orange demon
  2309 | D:3      | Became a worshipper of Makhleb the Destroyer
  2329 | D:3      | Reached skill level 1 in Armour
  2329 | D:3      | Noticed Sigmund
  2714 | D:4      | Reached XP level 6. HP: 18/47 MP: 6/6
  2716 | D:4      | Reached skill level 1 in Invocations
  3619 | D:4      | Found a white marble altar of Elyvilon.
  3663 | D:4      | Found a radiant altar of Vehumet.
  3673 | D:4      | Reached XP level 7. HP: 52/52 MP: 8/8
  3820 | D:4      | Found a stormy altar of Qazlal.
  3821 | D:4      | Reached * piety under Makhleb
  3829 | D:4      | Found a shimmering altar of Xom.
  4023 | D:5      | Entered Level 5 of the Dungeon
  4736 | D:4      | Reached skill level 1 in Maces & Flails
  5204 | D:5      | Reached XP level 8. HP: 59/60 MP: 10/10
  5248 | D:5      | Reached skill level 2 in Maces & Flails
  5279 | D:5      | Reached ** piety under Makhleb
  5416 | D:6      | Reached skill level 3 in Maces & Flails
  5588 | D:6      | Reached skill level 5 in Fighting
  5593 | D:6      | Reached skill level 4 in Maces & Flails
  5821 | D:6      | Noticed Edmund
  5827 | D:6      | Reached XP level 9. HP: 56/68 MP: 12/12
  5857 | D:6      | Killed Edmund
  6140 | D:6      | Reached skill level 5 in Invocations
  6240 | D:6      | Found an opulent altar of Gozag.
  6257 | D:6      | Found a staircase to the Ecumenical Temple.
  6268 | D:6      | Reached skill level 5 in Maces & Flails
  6751 | D:7      | Reached skill level 6 in Maces & Flails
  6793 | D:7      | Found Dulij's Distillery.
  6819 | D:7      | Found a flagged portal.
  6831 | Bailey   | Entered a bailey
  6836 | Bailey   | Reached *** piety under Makhleb
  7267 | Bailey   | Reached skill level 7 in Maces & Flails
  7267 | Bailey   | Reached XP level 10. HP: 63/77 MP: 14/14
  8191 | Bailey   | Reached skill level 8 in Maces & Flails
  9316 | D:7      | Found a faded altar of an unknown god.
  9316 | D:7      | Found a hazy altar of Hepliaklqana.
  9318 | D:7      | Found a faded altar of an unknown god.
  9501 | D:8      | Found a glowing golden altar of the Shining One.
  9507 | D:8      | Reached **** piety under Makhleb
  9633 | D:8      | Found a shimmering blue altar of Sif Muna.
  9744 | D:8      | Found an ornate altar of the Wu Jian Council.
  9845 | D:8      | Found an iron altar of Okawaru.
  9855 | D:8      | Reached skill level 9 in Maces & Flails
 10123 | D:8      | Found a hide-covered altar of Uskayaw.
 10410 | D:9      | Reached XP level 11. HP: 86/86 MP: 17/17
 10456 | D:9      | Reached ***** piety under Makhleb
 10465 | D:9      | Found a staircase to the Orcish Mines.
 10823 | D:9      | Found Fuvups's Weapon Emporium.
 11012 | D:8      | Reached skill level 10 in Maces & Flails
 11660 | D:9      | Noticed Grum
 11679 | D:9      | Killed Grum
 12615 | D:10     | Entered Level 10 of the Dungeon
 12752 | D:10     | Noticed a skeletal warrior
 12752 | D:10     | Noticed a skeletal warrior
 12752 | D:10     | Noticed a skeletal warrior
 12780 | Orc:1    | Entered Level 1 of the Orcish Mines
 12785 | Orc:1    | Found a dark tunnel.
 12794 | Volcano  | Entered a volcano
 12930 | Volcano  | Noticed a cyclops
 12943 | Volcano  | Killed a cyclops
 13055 | Volcano  | Noticed a salamander
 13056 | Volcano  | Noticed a salamander
 13061 | Volcano  | Killed a salamander
 13329 | Volcano  | Killed a salamander
 13347 | Volcano  | Noticed a cyclops
 13351 | Volcano  | Killed a cyclops
 13352 | Volcano  | Reached skill level 11 in Maces & Flails
 13396 | Volcano  | Noticed a salamander
 13414 | Volcano  | Killed a salamander
 13573 | Volcano  | Reached skill level 10 in Invocations
 13767 | Volcano  | Noticed a salamander
 13777 | Volcano  | Killed a salamander
 13788 | Volcano  | Noticed a cyclops
 13804 | Volcano  | Killed a cyclops
 13805 | Volcano  | Reached XP level 12. HP: 89/97 MP: 19/19
 13872 | Volcano  | Noticed a hell knight
 13888 | Volcano  | Killed from afar by a molten gargoyle

Illustrated notes

Levels and vault maps discovered:
D:1:      dpeg_arrival_arbitrary_c, layout_basic,
          dreamdust_ecumenical_altar_drowned_temple, grunt_decor_junction
D:2:      kb_forest_paths, layout_loops_corners, minmay_tromino_v7
D:3:      layout_rooms, makhleb_altar_promises_db, chequers_mini_garden,
          minmay_quantized, uniq_sigmund, uniq_robin, uniq_grinder
D:4:      layout_gridville, vehumet_crystals, mainiacjoe_overflow_boulevard,
          nicolae_overflow_hidden_temple, palyth_stone_intersect
D:5:      nicolae_cairo_tiling_large, layout_loops_ring, goddamned_bats
D:6:      layout_loops_ring, mainiacjoe_overflow_chevrons, temple_fountains,
          uniq_edmund
D:7:      layout_loops_ring, nicolae_hepliaklqana_ecumenical_no_more,
          serial_shops, nicolae_shop_waterfront, enter_bailey_6
D:8:      layout_loops_ring, nicolae_tso_besieged_by_evil,
          nicolae_wu_jian_immortal_techniques,
          nicolae_uskayaw_murder_on_the_dancefloor, lemuel_doored_altar,
          nicolae_sif_muna_little_library
D:9:      layout_loops_corners, zombieorc2_lemuel, serial_shops,
          nicolae_shop_window_shopping, nicolae_elevator_lobby_asterisk,
          uniq_grum
D:10:     layout_basic, mainiacjoe_overflow_catwalk,
          nicolae_trove_entry_diagonal, wad_dig_loot, uniq_nergalle,
          uniq_josephine
Orc:1:    layout_caves, enter_volcano_1, basic_altar
Volcano:  hellmonk_zot_springs

Skill      XL: |  1  2  3  4  5  6  7  8  9 10 11 |
---------------+----------------------------------+-----
Slings         | 2 3 |  3.2
Shields        | 3 |  3.4
Fighting       | 2 3 4 5 6 8 9 |  9.8
Staves         | 1 3 |  3.7
Armour         | 1 2 3 4 |  4.6
Invocations    | 1 3 4 6 8 10 | 10.2
Maces & Flails | 1 4 7 9 11 | 11.5
Stealth        | |  1.2
Evocations     | |  5.4

Action                   |  1- 3 |  4- 6 |  7- 9 | 10-12 || total
-------------------------+-------+-------+-------+-------++-------
Melee: Flail             |     4 |       |   188 |   373 ||   565
       Quarterstaff      |       |    96 |    43 |       ||   139
 Fire: Hunting sling     |    81 |    18 |       |       ||    99
Invok: Minor Destruction |       |       |    90 |   109 ||   199
       Lesser Servant of |       |       |       |     8 ||     8
 Abil: Dig               |       |       |       |     3 ||     3
Evoke: Wand              |     1 |     5 |     5 |    19 ||    30
       Lightning rod     |       |       |       |     2 ||     2
  Use: Scroll            |       |     2 |     7 |     5 ||    14
       Potion            |       |       |       |     1 ||     1
 Stab: Distracted        |       |       |       |     1 ||     1
Armor: Leather armour    |    11 |     1 |       |       ||    12
       Plate armour      |       |    65 |   222 |   234 ||   521
Dodge: Dodged            |    21 |    34 |    80 |   109 ||   244
Block: Buckler           |    11 |    41 |    74 |   103 ||   229

Table legend: (Time is in decaauts)
 A = Elapsed time spent in this place.
 B = Non-inter-level travel time spent in this place.
 C = Inter-level travel time spent in this place.
 D = Time resting spent in this place.
 E = Time spent auto-exploring this place.
 F = Levels seen in this place.
 G = Mean time per level.
                   A        B        C        D        E       F      G
               +--------+--------+--------+--------+--------+-----+--------+
         Total |  14017 |  13597 |    420 |   1408 |   9508 |  13 | 1078.2 |
       Dungeon |  10937 |  10517 |    420 |    967 |   7572 |  10 | 1093.7 |
  Orcish Mines |     13 |     13 |      0 |      0 |      0 |   1 |   13.0 |
        Bailey |   1977 |   1977 |      0 |    182 |   1255 |   1 | 1977.0 |
       Volcano |   1088 |   1088 |      0 |    259 |    681 |   1 | 1088.0 |
               +--------+--------+--------+--------+--------+-----+--------+

Top non-repeatable levels by time:
     D:9: 2138 daAuts
  Bailey: 1977 daAuts
     D:1: 1480 daAuts
     D:4: 1419 daAuts
     D:6: 1303 daAuts
     D:8: 1136 daAuts
     D:5: 1095 daAuts
 Volcano: 1088 daAuts
     D:7: 845 daAuts
     D:2: 822 daAuts
     D:3: 688 daAuts
   Orc:1: 13 daAuts
    D:10: 7 daAuts
